 Dungeon Crawl Stone Soup version 0.31.0-32-g396128a36d (webtiles) character file.

Game seed: 9394230419260322210

6714 AdnanSaban the Basher (level 11, -8/68 HPs)
             Began as a Gargoyle Fighter on Apr 12, 2024.
             Was a Priest of Okawaru.
             Mangled by a tengu warrior
             ... wielding a +0 glaive
              (16 damage)
             ... on level 9 of the Dungeon.
             The game lasted 00:17:08 (10040 turns).

AdnanSaban the Basher (Gargoyle Fighter)           Turns: 10040, Time: 00:17:09

Health: -8/68      AC: 27    Str: 31    XL:     11   Next: 3%
Magic:  13/14      EV:  9    Int:  8    God:    Okawaru [***...]
Gold:   627        SH: 13    Dex:  9    Spells: 10/10 levels left

rFire   . . .        a - +0 flail
rCold   + . .        G - +2 kite shield {rC+}
rNeg    + . .        h - +0 plate armour
rPois   ∞            l - +0 helmet
rElec   +            o - +0 cloak
rCorr   .            (no gloves)
SInv    .            (no boots)
Will    .....        (no amulet) Stlth
                     n - +6 ring of strength
HPRegen 0.31/turn    t - ring of flight
MPRegen 0.14/turn

%: no passive effects
@: mighty, heroic, flying
A: sickness immunity, AC +8, negative energy resistance 1, electricity
resistance, torment resistance 1, petrification resistance
a: Renounce Religion, Heroism


You were on level 9 of the Dungeon.
You worshipped Okawaru.
Okawaru was most pleased with you.
You visited 2 branches of the dungeon, and saw 11 of its levels.
You also visited: Bailey.

You collected 627 gold pieces.

Inventory:

Hand Weapons
 a - a +0 flail (weapon)
Missiles
 f - 8 poisoned darts (quivered)
 D - 2 throwing nets
 N - a boomerang
Armour
 h - a +0 plate armour (worn)
 l - a +0 helmet (worn)
 o - a +0 cloak (worn)
 G - a +2 kite shield of cold resistance (worn)
Jewellery
 g - a ring of ice
 n - a +6 ring of strength (left hand)
 t - a ring of flight (right hand)
 L - an amulet of magic regeneration
Wands
 c - a wand of polymorph (9)
 M - a wand of mindburst (10)
Scrolls
 e - 2 scrolls of immolation {unknown}
 i - 7 scrolls of identify {unknown}
 j - 3 scrolls of fog {unknown}
 m - 3 scrolls of blinking {unknown}
 p - 2 scrolls of teleportation {unknown}
 q - a scroll of torment {unknown}
 s - 2 scrolls of enchant weapon {unknown}
 y - a scroll of poison {unknown}
 z - a scroll of vulnerability {unknown}
 C - 2 scrolls of enchant armour {unknown}
 E - 2 scrolls of amnesia {unknown}
 F - a scroll of butterflies {unknown}
 K - a scroll of noise {unknown}
Potions
 b - 3 potions of curing {unknown}
 d - 6 potions of might
 k - a potion of ambrosia {unknown}
 r - 3 potions of mutation {unknown}
 u - a potion of cancellation {unknown}
 v - 8 potions of heal wounds {unknown}
 w - 2 potions of brilliance {unknown}
 x - 3 potions of enlightenment {unknown}
 A - 2 potions of degeneration {unknown}
 B - 2 potions of attraction {unknown}
 H - a potion of experience
 I - a potion of haste {unknown}
 J - a potion of resistance {unknown}


   Skills:
 + Level 7.7(12.7) Fighting
 + Level 10.2(15.2) Maces & Flails
 + Level 2.8(7.8) Throwing
 + Level 8.5(13.5) Armour
 + Level 1.5(6.5) Dodging
 + Level 0.6(5.6) Stealth
 + Level 8.0(13.0) Shields
 * Level 4.7 Invocations


You had 10 spell levels left.
You didn't know any spells.
Your spell library contained the following spells:

 Spells                   Type           Power      Damage    Failure   Level
 Apportation              Tloc           0%         N/A       98%         1
 Ensorcelled Hibernation  Hex/Ice        0%         N/A       99%         2
 Jinxbite                 Hex            0%         N/A       99%         2
 Dazzling Flash           Conj/Hex       0%         N/A       100%        3
 Mephitic Cloud           Conj/Alch/Air  0%         N/A       100%        3
 Passwall                 Erth           0%         N/A       100%        3
 Sigil of Binding         Hex            0%         N/A       100%        3
 Swiftness                Air            0%         N/A       100%        3
 Dimensional Bullseye     Hex/Tloc       0%         N/A       100%        4
 Passage of Golubria      Tloc           0%         N/A       100%        4
 Petrify                  Alch/Erth      0%         N/A       100%        4
 Alistair's Intoxication  Alch           0%         N/A       100%        5
 Curse of Agony           Necr           0%         N/A       100%        5
 Irradiate                Conj/Alch      0%         3d11      100%        5
 Silence                  Hex/Air        0%         N/A       100%        5
 Borgnjor's Revivificati  Necr           0%         N/A       100%        8
 Lehudib's Crystal Spear  Conj/Erth      0%         10d2      100%        8
 Death's Door             Necr           0%         N/A       100%        9
 Call Imp                 Summ           Unusable   N/A       N/A         2
 Sublimation of Blood     Necr           Unusable   N/A       N/A         2
 Call Canine Familiar     Summ           Unusable   N/A       N/A         3
 Haunt                    Necr/Summ      Unusable   N/A       N/A         7
 Summon Hydra             Summ           Unusable   N/A       N/A         7

Dungeon Overview and Level Annotations

Branches:
Dungeon (10/15)            Temple (1/1) D:7          Bailey (visited)
   Lair: D:8-11         Orc: D:9-12

Altars:
Ashenzari
Cheibriados
Dithmenos
Elyvilon
Fedhas
Gozag
Hepliaklqana
Kikubaaqudgha
Makhleb
Nemelex Xobeh
Okawaru
Qazlal
Ru
Sif Muna
Trog
Uskayaw
Vehumet
Wu Jian
Xom
Yredelemnul
Zin
The Shining One

Shops:
D:1 *


Innate Abilities, Weirdness & Mutations

You are immune to sickness and miasma.
Your stone body is resilient. (AC +8)
You are immune to poison.
You resist negative energy. (rN+)
You are resistant to electric shocks. (rElec)
You are resistant to unholy torment.
You are immune to petrification.


Message History

You completely miss the tengu warrior.
The tengu warrior is heavily wounded.
The tengu warrior slips past you!
You block the tengu warrior's attack. x2
The tengu warrior claws you but does no damage.
The cane toad barely misses you.
You hit the tengu warrior but do no damage.
The tengu warrior is heavily wounded.
The cane toad stings you but does no damage.
You block the tengu warrior's attack. x3
You closely miss the tengu warrior.
The tengu warrior is heavily wounded.
The cane toad stings you.
The tengu warrior hits you but does no damage.
You block the tengu warrior's attack. x2
You barely miss the tengu warrior.
The tengu warrior is heavily wounded.
You block the cane toad's attack.
You barely miss the tengu warrior.
The tengu warrior is heavily wounded.
You block the tengu warrior's attack. The tengu warrior closely misses you.
You block the tengu warrior's attack. You block the cane toad's attack.
You closely miss the tengu warrior.
The tengu warrior is heavily wounded.
The tengu warrior hits you with a +0 glaive.
You block the tengu warrior's attack.
The tengu warrior claws you but does no damage.
The cane toad stings you!
* * * LOW HITPOINT WARNING * * *
You feel very mighty all of a sudden.
The cane toad changes into a fire crab!
You block the tengu warrior's attack.
The tengu warrior pecks you but does no damage.
You block the tengu warrior's attack.
You sock the tengu warrior!
The tengu warrior is severely wounded.
The tengu warrior hits you with a +0 glaive!
* * * LOW HITPOINT WARNING * * *
The tengu warrior pecks you but does no damage.
You block the tengu warrior's attack.
The tengu warrior hits you from afar with a +0 glaive!
You die...

#...#### .......#
#...... #..... # ###
####...# # ...
#.#....# #
#.##.###.#...## #
#.....@......# #
#.###t###....# ###
#PQ..P#...<# ##≈## .
#(###.#...#######≈≈~.
##.#.
#(#|#.#.....~..≈≈~~..
..... #.
#.#+#.#....~≈≈~~~....
#..###.. #P.
..#..≈≈~.#####...
......##
#######.......#######
........
...............#...#


You could see a tengu warrior and a fire crab shaped shifter.

Vanquished Creatures
  A two-headed ogre (D:8)
  The ghost of Quickbrownfox the Mimic, a novice OpSh of Gozag (D:7)
  Grinder (D:3)
  2 hornets (D:9)
  8 yaks (D:8)
  2 steam dragons (D:7)
  An acid dragon (D:9)
  A water moccasin (D:9)
  2 ice beasts
  4 orc warriors
  2 black bears
  An ogre (D:7)
  2 centaurs
  2 phantoms
  A kobold brigand (D:8)
  3 bullfrogs (D:6)
  2 gnoll sergeants
  2 scorpions
  11 killer bees
  4 howler monkeys
  3 bombardier beetles
  5 orc priests
  5 gnoll boudas
  2 hounds
  A jelly (D:6)
  Jessica (D:3)
  3 iguanas
  3 orc wizards
  Robin (D:2)
  25 gnolls
  11 adders
  2 white imps
  4 ufetubi (D:6)
  2 dart slugs (D:1)
  4 ribbon worms
  40 orcs
  10 endoplasms
  5 giant cockroaches (D:1)
  8 hobgoblins
  5 jackals
  14 kobolds
  5 quokkas
  6 ball pythons
  6 bats
  5 frilled lizards
  16 goblins
  5 rats
  A spectral hobgoblin (D:8)
251 creatures vanquished.

Notes
Turn   | Place    | Note
-------+----------+-------------------------------------------
     0 | D:1      | AdnanSaban the Gargoyle Fighter began the quest for the
                  | Orb.
     0 | D:1      | Reached XP level 1. HP: 14/14 MP: 1/1
    42 | D:1      | Reached XP level 2. HP: 16/19 MP: 2/2
    99 | D:1      | Found a faded altar of an unknown god.
   488 | D:1      | Reached XP level 3. HP: 24/24 MP: 3/3
   543 | D:1      | Found Cigal's Assorted Antiques.
   779 | D:2      | Noticed Robin
   996 | D:2      | Killed Robin
   997 | D:2      | Reached XP level 4. HP: 29/29 MP: 4/4
  1528 | D:2      | Reached XP level 5. HP: 16/33 MP: 5/5
  1728 | D:3      | Reached skill level 3 in Maces & Flails
  1748 | D:3      | Identified the +0 leather armour of Tomorrow {rElec rF+
                  | Regen+}
  1822 | D:3      | Found a hide-covered altar of Uskayaw.
  1832 | D:3      | Noticed Grinder
  1832 | D:3      | Paralysed by Grinder for 5 turns
  1851 | D:3      | Paralysed by Grinder for 3 turns
  1862 | D:3      | Paralysed by Grinder for 4 turns
  1869 | D:3      | Paralysed by Grinder for 4 turns
  1877 | D:3      | Killed Grinder
  1878 | D:3      | Reached skill level 4 in Maces & Flails
  1878 | D:3      | Reached XP level 6. HP: 33/39 MP: 6/6
  1980 | D:3      | Noticed Jessica
  1986 | D:3      | Reached skill level 1 in Throwing
  1987 | D:3      | Killed Jessica
  2194 | D:3      | Found a glowing golden altar of the Shining One.
  2309 | D:4      | Reached skill level 5 in Maces & Flails
  2309 | D:4      | Reached XP level 7. HP: 24/44 MP: 7/7
  2529 | D:4      | Found a glowing silver altar of Zin.
  2930 | D:4      | Found a bloodstained altar of Trog.
  3275 | D:5      | Entered Level 5 of the Dungeon
  3303 | D:5      | Reached skill level 5 in Fighting
  3306 | D:5      | Reached skill level 5 in Armour
  3698 | D:5      | Found a broken altar of Ashenzari.
  3717 | D:5      | Identified the +0 leather armour of a sewer {-Cast rF- rC+
                  | Str+8}
  3889 | D:5      | Identified the +5 ring mail "Iptuun" {rC- Dex+5}
  3905 | D:5      | Reached XP level 8. HP: 49/49 MP: 8/8
  4254 | D:6      | Reached skill level 6 in Maces & Flails
  4379 | D:6      | Reached skill level 5 in Shields
  4629 | D:6      | Found an opulent altar of Gozag.
  4630 | D:6      | Found an ornate altar of the Wu Jian Council.
  5124 | D:6      | Reached skill level 7 in Maces & Flails
  5546 | D:6      | Reached skill level 1 in Dodging
  5546 | D:6      | Reached XP level 9. HP: 55/55 MP: 9/9
  6039 | D:7      | Found a staircase to the Ecumenical Temple.
  6079 | Temple   | Entered the Ecumenical Temple
  6227 | Temple   | Became a worshipper of Warmaster Okawaru
  6471 | D:7      | Found a runed translucent gate.
  6473 | D:7      | Found a runed translucent gate.
  6476 | D:7      | Found a runed translucent gate.
  6516 | D:7      | Reached skill level 8 in Maces & Flails
  7247 | D:7      | Noticed Quickbrownfox's ghost (novice OpSh)
  7269 | D:7      | Killed Quickbrownfox's ghost
  7269 | D:7      | Reached * piety under Okawaru
  7302 | D:8      | Found a hazy altar of Hepliaklqana.
  7388 | D:8      | Reached skill level 9 in Maces & Flails
  7388 | D:8      | Reached XP level 10. HP: 56/61 MP: 10/10
  7517 | D:8      | Reached skill level 1 in Invocations
  7567 | D:8      | Reached ** piety under Okawaru
  7602 | D:8      | Found a flagged portal.
  7610 | Bailey   | Entered a bailey
  8522 | D:8      | Noticed a two-headed ogre
  8541 | D:8      | Killed a two-headed ogre
  8907 | D:8      | Reached skill level 10 in Maces & Flails
  9144 | D:9      | Noticed a gargoyle
  9619 | D:9      | Reached *** piety under Okawaru
  9832 | D:10     | Entered Level 10 of the Dungeon
  9974 | D:9      | Reached XP level 11. HP: 63/68 MP: 12/14
 10021 | D:9      | Noticed a tengu warrior
 10038 | D:9      | a cane toad changed into a fire crab
 10038 | D:9      | Noticed a fire crab (shapeshifter)
 10040 | D:9      | Mangled by a tengu warrior

Illustrated notes

Levels and vault maps discovered:
D:1:      roderic_crossed_star, layout_basic, serial_shops, shop,
          hellmonk_ecumenical_altar_crossroads
D:2:      layout_basic, uniq_robin
D:3:      layout_rooms, tso_altar, nicolae_uskayaw_dance_hall, chequers_avenue,
          uniq_grinder, uniq_jessica
D:4:      cheibrodos_helix_gallery, layout_loops_ring, kennysheep_mini,
          general_overflow_altar, minmay_splitting_lines, nrook_uturn,
          nicolae_concentric_dashed_squares_wild
D:5:      layout_loops_ring, mainiacjoe_overflow_chevrons,
          minmay_misc_feat_alley, grunt_ministairs_2
D:6:      layout_loops_corners, gammafunk_temple_overflow_pools
D:7:      layout_loops_cross, minmay_temple_entry_mini_moons,
          ebering_ghost_rock_garden, nicolae_elevator_lobby_asterisk
D:8:      layout_loops_ring, nicolae_hepliaklqana_monster_ancestors,
          enter_bailey_5
D:9:      layout_cross, dpeg_oklobed_lair, chequers_serial_rivers_small_a,
          grunt_ministairs_6, minmay_shattered_shrine, uniq_harold
D:10:     layout_basic
Temple:   eino_temple_water

Skill      XL: |  1  2  3  4  5  6  7  8  9 10 11 |
---------------+----------------------------------+-----
Fighting       | 4 5 6 7 |  7.7
Armour         | 4 5 6 7 8 |  8.5
Shields        | 4 6 7 8 |  8.0
Maces & Flails | 4 5 7 9 10 | 10.2
Throwing       | 1 2 |  2.8
Dodging        | 1 |  1.5
Invocations    | 4 |  4.7
Stealth        | |  0.6

Action                     |  1- 3 |  4- 6 |  7- 9 | 10-12 || total
---------------------------+-------+-------+-------+-------++-------
  Melee: Flail             |   116 |   164 |   495 |   398 ||  1173
  Throw: Dart              |       |    13 |    19 |    30 ||    62
 Invoke: Heroism           |       |       |       |     8 ||     8
    Use: Potion            |       |       |     1 |     1 ||     2
 Armour: Scale mail        |    12 |       |       |       ||    12
         Plate armour      |   125 |   147 |   549 |   385 ||  1206
  Dodge: Dodged            |    42 |    70 |   206 |   149 ||   467
  Block: Buckler           |    30 |    44 |   138 |       ||   212
         Kite shield       |       |       |    25 |   371 ||   396
